 Dungeon Crawl Stone Soup version 0.24.0-1-gfbc8707 (webtiles) character file.

Game seed: 13337318420450754148, levelgen mode: deterministic

7534 Fang the Fighter (level 11, -10/109 HPs)
             Began as a Gargoyle Berserker on Oct 28, 2019.
             Was an Elder of Trog.
             Mangled by a red ugly thing (17 damage)
             ... on level 9 of the Dungeon.
             The game lasted 00:13:29 (8600 turns).

Fang the Fighter (Gargoyle Berserker)               Turns: 8600, Time: 00:13:30

Health: -10/109    AC: 20    Str: 29    XL:     11   Next: 16%
Magic:  11/11      EV: 12    Int:  8    God:    Trog [****..]
Gold:   669        SH:  0    Dex:  9    Spells: 10/10 levels left

rFire    . . .     SeeInvis .   a - +5 war axe (curse)
rCold    . . .     Gourm    .   (no shield)
rNeg     + + .     Faith    .   b - +0 plate armour
rPois    ∞         Spirit   .   (no helmet)
rElec    +         Reflect  .   B - scarf {cloud immunity}
rCorr    .         Harm     .   r - +1 pair of gloves
MR       .....                  (no boots)
Stlth    ..........             (no amulet)
HPRegen  0.28/turn              l - +2 ring of evasion
MPRegen  0.12/turn              t - ring of positive energy

@: berserking, corroded, very quick
A: negative energy resistance 1, electricity resistance, unbreathing,
petrification resistance, rot immunity, AC +8
a: Berserk, Trog's Hand, Brothers in Arms, Renounce Religion


You were on level 9 of the Dungeon.
You worshipped Trog.
Trog was greatly pleased with you.
You were very hungry.

You visited 2 branches of the dungeon, and saw 10 of its levels.

You collected 669 gold pieces.

Inventory:

Hand Weapons
 a - a cursed +5 war axe (weapon)
Armour
 b - a +0 plate armour (worn)
 r - a +1 pair of gloves (worn)
 B - a scarf of cloud immunity (worn)
Jewellery
 l - a +2 ring of evasion (left hand)
 t - a ring of positive energy (right hand)
Wands
 y - a wand of enslavement (8)
 C - a wand of flame (24)
 D - a wand of scattershot (6)
 F - a wand of disintegration (18)
 I - a wand of paralysis (9)
Scrolls
 d - 3 scrolls of fear {unknown}
 e - 3 scrolls of enchant armour {unknown}
 f - a scroll of enchant weapon {unknown}
 g - a scroll of fog {unknown}
 h - 2 scrolls of noise {unknown}
 i - 8 scrolls of identify {unknown}
 j - 7 scrolls of remove curse {unknown}
 k - 6 scrolls of teleportation {unknown}
 s - a scroll of magic mapping {unknown}
 w - 4 scrolls of amnesia {unknown}
 x - a scroll of vulnerability {unknown}
 G - a scroll of holy word {unknown}
 H - a scroll of silence {unknown}
Potions
 m - 3 potions of curing {unknown}
 n - 2 potions of invisibility {unknown}
 o - 4 potions of heal wounds {unknown}
 p - a potion of might {unknown}
 q - 3 potions of flight {unknown}
 u - a potion of agility {unknown}
 v - 2 potions of mutation {unknown}
 z - 5 potions of brilliance {unknown}
 A - 3 potions of haste {unknown}
Comestibles
 c - 15 rations


   Skills:
 * Level 10.8 Fighting
 * Level 9.2 Axes
 + Level 8.3 Armour
 + Level 6.3 Dodging


You had 10 spell levels left.
You didn't know any spells.
Your spell library was empty.

Dungeon Overview and Level Annotations

Branches:
Dungeon (9/15)             Temple (1/1) D:4
   Lair: D:8-11         Orc: D:9-12

Altars:
Ashenzari
Cheibriados
Dithmenos
Elyvilon
Fedhas
Gozag
Makhleb
Nemelex Xobeh
Okawaru
Qazlal
Sif Muna
Trog
Wu Jian
Xom
Yredelemnul
Zin
The Shining One

Shops:
D:8 *

Annotations:
D:6 Prince Ribbit


Innate Abilities, Weirdness & Mutations

You are resistant to torment.
Your stone body is resilient. (AC +8)
You are immune to poison.
You resist negative energy. (rN+)
You are resistant to electric shocks. (rElec)
You can survive without breathing.
You are immune to petrification.
You are immune to rotting.


Message History

The white very ugly thing stings you but does no damage.
You slash the white very ugly thing!
The white very ugly thing is moderately wounded.
You hit the brown ugly thing.
The brown ugly thing trunk-slaps you but does no damage.
The brown ugly thing punches your ogre!
Your ogre dies!
Your ogre's corpse disappears in a puff of smoke!
You slice the white very ugly thing!!
The white very ugly thing is heavily wounded.
You slash the red ugly thing! You hit the brown ugly thing.
The white very ugly thing barely misses you.
The brown ugly thing trunk-slaps you.
* * * LOW HITPOINT WARNING * * *
The acid corrodes you!
You are splashed with acid!
* * * LOW HITPOINT WARNING * * *
The red ugly thing tentacle-slaps you.
* * * LOW HITPOINT WARNING * * *
You are engulfed in flames!
You die...

.................<.........#
...........................#
######.....................#
#.....................#
######.....................#
................)..........#
.................###########
################..#....#.
#@u#u#.#.# #uuu....#§
#§u§!!#..( ##.'...§#.
#.#.#.#.# #.#....#. ########


You could see a white very ugly thing and 5 ugly things.

Vanquished Creatures
  3 two-headed ogres
  A troll (D:9)
  Grinder (D:6)
  A hippogriff (D:7)
  Sigmund (D:3)
  A hungry ghost (D:9)
  3 yaks (D:9)
  4 hogs (D:7)
  A human (D:7)
  Menkaure (D:6)
  Duvessa (D:7)
  A black bear (D:7)
  2 orc warriors
  4 sky beasts
  6 ogres
  2 centaurs (D:7)
  2 big kobolds (D:8)
  A gnoll sergeant (D:8)
  3 bullfrogs
  2 scorpions
  Dowan (D:7)
  3 wights (D:7)
  5 howler monkeys
  3 crimson imps
  A bullfrog zombie (D:7)
  2 centaur skeletons (D:8)
  4 hounds
  3 orc priests
  9 orc wizards
  3 bullfrog skeletons
  4 iguanas
  4 worker ants
  A hound skeleton (D:5)
  A howler monkey zombie (D:7)
  3 howler monkey skeletons
  7 gnolls
  10 adders
  2 shadow imps
  An ooze (D:1)
  An adder skeleton (D:5)
  2 worms (D:2)
  6 leopard geckos
  31 orcs
  5 giant cockroaches
  10 goblins
  7 hobgoblins
  14 jackals
  13 bats
  5 frilled lizards
  15 kobolds
  2 leopard gecko skeletons
  A quokka zombie (D:6)
  11 rats
231 creatures vanquished.

Vanquished Creatures (others)
  A wizard (D:5)
1 creature vanquished.

Grand Total: 232 creatures vanquished

Notes
Turn   | Place    | Note
-------+----------+-------------------------------------------
     0 | D:1      | Fang the Gargoyle Berserker began the quest for the Orb.
     0 | D:1      | Reached XP level 1. HP: 14/14 MP: 1/1
   329 | D:1      | Reached XP level 2. HP: 19/19 MP: 2/2
   729 | D:1      | Reached XP level 3. HP: 17/23 MP: 3/3
   731 | D:1      | Reached ** piety under Trog
  1395 | D:2      | Reached XP level 4. HP: 16/29 MP: 4/4
  1621 | D:2      | Reached skill level 4 in Fighting
  1726 | D:2      | Reached *** piety under Trog
  1752 | D:2      | Found a snail-covered altar of Cheibriados.
  1752 | D:2      | Found a burning altar of Makhleb.
  1809 | D:3      | Reached XP level 5. HP: 14/33 MP: 5/5
  1882 | D:3      | Noticed Sigmund
  1907 | D:3      | Killed Sigmund
  1907 | D:3      | Reached XP level 6. HP: 30/39 MP: 6/6
  2175 | D:3      | Found an iron altar of Okawaru.
  2187 | D:3      | Noticed a sky beast
  2197 | D:3      | Killed a sky beast
  2414 | D:4      | Reached skill level 5 in Fighting
  2414 | D:4      | Reached XP level 7. HP: 40/44 MP: 7/7
  3302 | D:4      | Found a staircase to the Ecumenical Temple.
  3529 | Temple   | Entered the Ecumenical Temple
  3556 | D:5      | Entered Level 5 of the Dungeon
  3888 | D:5      | Reached skill level 5 in Armour
  3927 | D:5      | Reached **** piety under Trog
  4060 | D:5      | Found a blossoming altar of Fedhas.
  4249 | D:5      | Found a glowing silver altar of Zin.
  4251 | D:5      | Noticed an angel
  4255 | D:5      | Found a shimmering altar of Xom.
  4278 | D:5      | Reached XP level 8. HP: 51/51 MP: 8/8
  4390 | D:5      | Found a bloodstained altar of Trog.
  4395 | D:5      | Noticed a wizard
  4397 | D:5      | Killed a wizard
  4735 | D:6      | Noticed Grinder
  4768 | D:6      | Reached skill level 6 in Fighting
  4768 | D:6      | Reached skill level 5 in Axes
  4777 | D:6      | Killed Grinder
  4788 | D:6      | Noticed Menkaure
  4794 | D:6      | Killed Menkaure
  5048 | D:6      | Reached skill level 7 in Fighting
  5217 | D:6      | Reached XP level 9. HP: 57/57 MP: 9/9
  5450 | D:6      | Noticed a two-headed ogre
  5458 | D:6      | Killed a two-headed ogre
  5458 | D:6      | Reached skill level 8 in Fighting
  5551 | D:6      | Found a stormy altar of Qazlal.
  5596 | D:6      | Found a white marble altar of Elyvilon.
  5648 | D:6      | Found a basalt altar of Yredelemnul.
  5719 | D:6      | Noticed Prince Ribbit
  5926 | D:6      | Reached skill level 5 in Dodging
  6167 | D:7      | Found a shadowy altar of Dithmenos.
  6333 | D:7      | Noticed Duvessa
  6334 | D:7      | Noticed Dowan
  6341 | D:7      | Killed Dowan
  6343 | D:7      | Killed Duvessa
  6559 | D:7      | Found a bloodstained altar of Trog.
  6632 | D:7      | Reached XP level 10. HP: 51/65 MP: 10/10
  6636 | D:7      | Reached skill level 9 in Fighting
  6810 | D:8      | Noticed a two-headed ogre
  6816 | D:8      | Killed a two-headed ogre
  6897 | D:8      | Reached ***** piety under Trog
  6929 | D:8      | Found an opulent altar of Gozag.
  6930 | D:8      | Noticed a two-headed ogre
  6937 | D:8      | Killed a two-headed ogre
  6937 | D:8      | Reached skill level 10 in Fighting
  7238 | D:8      | Found Zearu's Assorted Antiques.
  7340 | D:8      | Found a shattered altar of Ashenzari.
  7432 | D:8      | Found a glowing golden altar of the Shining One.
  7580 | D:8      | Received a gift from Trog
  7947 | D:9      | Reached XP level 11. HP: 61/73 MP: 11/11
  8155 | D:9      | Found a runed translucent gate.
  8156 | D:9      | Found a runed translucent gate.
  8156 | D:9      | Found a runed translucent gate.
  8157 | D:9      | Noticed a white ugly thing
  8157 | D:9      | Noticed a cyan ugly thing
  8158 | D:9      | Noticed a white ugly thing
  8158 | D:9      | Noticed a purple ugly thing
  8158 | D:9      | Noticed a cyan very ugly thing
  8159 | D:9      | Noticed a white ugly thing
  8600 | D:9      | Mangled by a red ugly thing

Levels and vault maps discovered:
D:1:      psy_arrival_spokes, layout_basic, minmay_split_cup_small
D:2:      layout_basic, gammafunk_temple_overflow_wave, first_ration,
          minmay_cut_off
D:3:      layout_rooms, okawaru_metal_pillars_1_2, uniq_sigmund
D:4:      layout_loops_corners, minmay_temple_entry_purple_smoke,
          minmay_misc_feat_rows
D:5:      layout_loops_corners, grunt_temple_overflow_order_and_chaos_1,
          fedhas_altar_4, trog_wizard
D:6:      layout_gridville, kennysheep_ying_yang, grunt_qazlal_sundering,
          uniq_grinder, uniq_menkaure, uniq_prince_ribbit1
D:7:      layout_loops_corners, kennysheep_mini_moat, grunt_livestock,
          st_stairs_9, grunt_dithmenos_smoke, uniq_duvessa
D:8:      layout_loops_ring, kennysheep_little_box,
          nicolae_tso_swordbearing_angel, serial_shops, shop,
          grunt_gozag_statues
D:9:      layout_long_grid, ploomutoo_gammafunk_ghost_potion_laboratory
Temple:   compressed_dpeg_circular_temple

Skill      XL: |  1  2  3  4  5  6  7  8  9 10 11 |
---------------+----------------------------------+-----
Axes           | 3 4 6 7 8 9 |  9.2
Dodging        | 2 3 4 5 6 |  6.3
Armour         | 3 4 5 6 7 8 |  8.3
Fighting       | 4 5 7 8 10 | 10.8

Action                   |  1- 3 |  4- 6 |  7- 9 | 10-12 || total
-------------------------+-------+-------+-------+-------++-------
Melee: Hand axe          |   137 |   102 |   163 |       ||   402
       War axe           |       |       |   248 |   201 ||   449
Invok: Berserk           |       |     2 |     8 |     2 ||    12
       Trog's Hand       |       |     1 |     2 |       ||     3
       Brothers in Arms  |       |       |       |     2 ||     2
 Stab: Sleeping          |       |     1 |       |       ||     1
  Eat: Chunk             |     2 |     5 |    19 |    11 ||    37
       Ration            |       |       |     1 |       ||     1
Armor: Animal skin       |    65 |    31 |    46 |       ||   142
       Chain mail        |       |       |   160 |       ||   160
       Plate armour      |       |       |    85 |   126 ||   211
Dodge: Dodged            |   107 |    67 |   310 |   119 ||   603
